 Dungeon Crawl Stone Soup version 0.30.1-4-g462c640d31 (webtiles) character file.

Game seed: 16416603315484042282

4 ChiefBigBeans the Conjurer (level 1, -2/19 HPs)
             Began as a Naga Reaver on Sept 12, 2023.
             Killed from afar by a dart slug (3 damage)
             ... with a slug dart
             ... on level 1 of the Dungeon.
             The game lasted 00:00:45 (145 turns).

ChiefBigBeans the Conjurer (Naga Reaver)             Turns: 145, Time: 00:00:45

Health: -2/19      AC:  1    Str: 14    XL:     1   Next: 70%
Magic:  3/3        EV:  9    Int: 13    God:
Gold:   15         SH:  0    Dex:  9    Spells: 3/4 levels left

rFire   . . .        a - +0 short sword
rCold   . . .        (no shield)
rNeg    . . .        b - +0 leather armour
rPois   +            (no helmet)
rElec   .            (no cloak)
rCorr   .            (no gloves)
SInv    +            (no barding)
Will    .....        (no amulet)
Stlth   +            (no ring)
HPRegen 0.23/turn    (no ring)
MPRegen 0.08/turn

%: no passive effects
@: very slow
A: AC +0, large, see invisible, deformed body, poison resistance, slowness 2,
spit poison 1, naga tail 1
a: Spit Poison


You were on level 1 of the Dungeon.
You visited 1 branch of the dungeon, and saw 1 of its levels.

You collected 15 gold pieces.

Inventory:

Hand Weapons
 a - a +0 short sword (weapon)
Armour
 b - a +0 leather armour (worn)
Potions
 c - a potion of cancellation {unknown}
 d - a potion of curing {unknown}


   Skills:
 + Level 2.1 Fighting
 + Level 3.0 Short Blades
 - Level 1.5 Dodging
 + Level 0.6 Stealth
 + Level 2.0 Spellcasting
 + Level 3.0 Conjurations


You had 3 spell levels left.
You knew the following spells:

 Your Spells              Type           Power      Damage    Failure   Level
a - Kiss of Death         Conj/Necr      20%        2d7       17%         1

Your spell library contained the following spells:

 Spells                   Type           Power      Damage    Failure   Level
 Momentum Strike          Conj/Tloc      10%        3d8       26%         2
 Hailstorm                Conj/Ice       5%         3d4       45%         3


Dungeon Overview and Level Annotations

Branches:
Dungeon (1/15)

Altars:


Innate Abilities, Weirdness & Mutations

Your serpentine skin is tough. (AC +0)
You have supernaturally acute eyesight. (SInv)
Armour fits poorly on your strangely shaped body.
Your system is resistant to poisons. (rPois)
You cover ground very slowly.
You can spit poison.
You have a snake-like lower body.


Message History

You hit the endoplasm.
The endoplasm is lightly wounded.
The bat barely misses you. The endoplasm freezes you.
You are frozen.
The bat hits you but does no damage.
A dart slug comes into view.
You hit the endoplasm but do no damage.
The endoplasm is lightly wounded.
The bat hits you. The endoplasm barely misses you.
You hit the endoplasm but do no damage.
The endoplasm is lightly wounded.
The goblin hits you but does no damage. The endoplasm hits you.
You hit the endoplasm.
The endoplasm is almost dead.
The bat barely misses you. The endoplasm barely misses you.
The goblin hits you with a +0 club.
You completely miss the endoplasm.
The endoplasm is almost dead.
The bat hits you but does no damage. The endoplasm hits you.
The goblin completely misses you.
You hit the endoplasm but do no damage.
The endoplasm is almost dead.
The bat hits you. x2
You hit the endoplasm but do no damage.
The endoplasm is almost dead.
The bat misses you. The bat hits you. The goblin hits you with a +0 club.
The endoplasm freezes you.
You are frozen.
You are too injured to fight recklessly!
You hit the endoplasm.
You kill the endoplasm!
The bat hits you. The goblin closely misses you. The bat hits you.
The goblin barely misses you. The goblin hits you with a +0 club.
* * * LOW HITPOINT WARNING * * *
You hit the goblin.
You kill the goblin!
The dart slug launches a dart at you. The slug dart hits you.
You die...

..# # #.# ######
#.## #..... #######
#..######.####
#....$# ##..##....#
#.....#####....####
#...$.....).####
#....b#####.#
#...)@# ....
#....w# .....#
#......## #.....#
#...... #.....#
#...... #.....#
#...... .......
#...... #......


You could see a dart slug and a bat.

Vanquished Creatures
  An endoplasm (D:1)
  A giant cockroach (D:1)
  A goblin (D:1)
  2 bats (D:1)
5 creatures vanquished.

Notes
Turn   | Place    | Note
-------+----------+-------------------------------------------
     0 | D:1      | ChiefBigBeans the Naga Reaver began the quest for the Orb.
     0 | D:1      | Reached XP level 1. HP: 19/19 MP: 3/3
   145 | D:1      | Killed from afar by a dart slug

Illustrated notes

Levels and vault maps discovered:
D:1:      doesnt_arrival_eight_statues, layout_rooms, serial_shops,
          nicolae_shop_back_alley_shop

Action                     || total
---------------------------++-------
  Melee: Short sword       ||    29
Ability: Spit Poison       ||     1
 Armour: Leather armour    ||    12
  Dodge: Dodged            ||    26
